 Dungeon Crawl Stone Soup version 0.30-a0-860-g512cf1e979 (webtiles) character file.

Game seed: 5370274612141927082

786 qeuew the Digger (level 7, -2/36 HPs)
             Began as a Gargoyle Earth Elementalist on Mar 7, 2023.
             Slain by Duvessa
             ... wielding a +1 short sword of venom
              (7 damage)
             ... on level 5 of the Dungeon.
             The game lasted 00:04:23 (3445 turns).

qeuew the Digger (Gargoyle Earth Elementalist)      Turns: 3445, Time: 00:04:23

Health: -2/36      AC: 11    Str: 14    XL:     7   Next: 87%
Magic:  3/11       EV: 11    Int: 21    God:
Gold:   231        SH:  0    Dex: 10    Spells: 8/12 levels left

rFire   . . .      SeeInvis .    d - +0 mace
rCold   . . .      Faith    .    (no shield)
rNeg    + . .      Spirit   .    f - +1 ring mail
rPois   ∞          Reflect  .    (no helmet)
rElec   +          Rampage  .    (no cloak)
rCorr   .                        (no gloves)
Will    .....                    (no boots)
Stlth   ++                       (no amulet)
HPRegen 0.26/turn                k - +6 ring of intelligence
MPRegen 0.12/turn                (no ring)

@: mighty, hasted, very quick
A: sickness immunity, AC +4, negative energy resistance 1, electricity
resistance, torment resistance 1, petrification resistance, MP-powered wands,
noise suppression
a: no special abilities


You were on level 5 of the Dungeon.
You visited 1 branch of the dungeon, and saw 7 of its levels.

You collected 231 gold pieces.

Inventory:

Hand Weapons
 d - a +0 mace (weapon)
Armour
 f - a +1 ring mail (worn)
Jewellery
 k - a +6 ring of intelligence (left hand)
Wands
 c - a wand of flame (24)
Scrolls
 e - 3 scrolls of identify
 g - 2 scrolls of magic mapping
 h - a scroll of enchant armour
 j - a scroll of teleportation
 m - a scroll of acquirement {unknown}
 n - a scroll of brand weapon {unknown}
Potions
 a - a potion of might
 b - a potion of magic
 i - 4 potions of curing


   Skills:
 * Level 3.6 Maces & Flails
 + Level 2.8 Armour
 + Level 2.7 Dodging
 + Level 3.9 Stealth
 + Level 3.2 Spellcasting
 + Level 2.5 Conjurations
 - Level 0.7 Transmutations
 * Level 6.1 Earth Magic


You had 8 spell levels left.
You knew the following spells:

 Your Spells              Type           Power      Damage    Failure   Level
a - Sandblast             Erth           58%        2d13      1%          1
b - Stone Arrow           Conj/Erth      42%        3d9       13%         3

Your spell library contained the following spells:

 Spells                   Type           Power      Damage    Failure   Level
 Passwall                 Tmut/Erth      14%        N/A       10%         2
 Kiss of Death            Conj/Necr      32%        2d7       16%         1
 Momentum Strike          Conj/Tloc      16%        3d8       24%         2
 Blink                    Tloc           6%         N/A       36%         2
 Lesser Beckoning         Tloc           6%         N/A       36%         2
 Petrify                  Tmut/Erth      17%        N/A       54%         4
 Confusing Touch          Hex            3%         N/A       61%         3
 Gell's Gravitas          Tloc           3%         N/A       61%         3
 Teleport Other           Tloc           3%         N/A       61%         3
 Dispel Undead            Necr           3%         3d7       95%         4


Dungeon Overview and Level Annotations

Branches:
Dungeon (7/15)
 Temple: D:4-7

Altars:
Hepliaklqana

Shops:
D:7 ?

Annotations:
D:4 1 runed translucent door, Crazy Yiuf
D:5 Duvessa
D:6 Maggie


Innate Abilities, Weirdness & Mutations

You are immune to sickness and miasma.
Your stone body is resilient. (AC +4)
You are immune to poison.
You resist negative energy. (rN+)
You are resistant to electric shocks. (rElec)
You are resistant to unholy torment.
You are immune to petrification.
You expend magic power (3 MP) to strengthen your wands.
You passively dampen the noise of your surroundings.


Message History

Press: ? - help, Shift-Dir - straight line, f/p - Duvessa
Aim: Duvessa, wielding a +1 short sword of venom and wearing a +0 chain mail (moderately wounded, berserk, fast, 83% to hit)
The stone arrow hits Duvessa.
Duvessa is moderately wounded.
Duvessa completely misses you. The orc hits you but does no damage.
Duvessa barely misses you.
Your magical contamination has completely faded away.
You feel very mighty all of a sudden. Duvessa barely misses you.
The orc hits you but does no damage.
You sock Duvessa! You punch Duvessa, but do no damage.
Duvessa is moderately wounded.
Duvessa closely misses you. The orc closely misses you.
Duvessa hits you with a +1 short sword of venom.
You hit Duvessa.
Duvessa is heavily wounded.
Duvessa barely misses you. The orc hits you but does no damage.
Duvessa misses you.
You closely miss Duvessa.
Duvessa is heavily wounded.
Duvessa closely misses you. The orc barely misses you.
Duvessa hits you with a +1 short sword of venom.
The orc hits you but does no damage.
You sock Duvessa!
Duvessa is severely wounded.
Duvessa hits you with a +1 short sword of venom.
The orc hits you with a +0 hand axe.
Duvessa hits you with a +1 short sword of venom.
You thump Duvessa!
Duvessa is severely wounded.
Duvessa hits you but does no damage. The orc hits you but does no damage.
Duvessa hits you with a +1 short sword of venom!
* * * LOW HITPOINT WARNING * * *
You hit Duvessa.
Duvessa is severely wounded.
Duvessa hits you with a +1 short sword of venom.
* * * LOW HITPOINT WARNING * * *
The orc closely misses you.
It was a potion of haste.
You feel yourself speed up.
Duvessa hits you with a +1 short sword of venom!
You die...

#.. #.######.
#........
#......<.
#........
#######........
...............
......o@)......
?.......e......
...............
...............
##############.


You could see Duvessa (berserk, fast) and an orc.

Vanquished Creatures
  Sigmund (D:3)
  An ice beast (D:6)
  An ogre (D:6)
  2 bullfrogs (D:6)
  Dowan (D:5)
  A hound (D:7)
  A jelly (D:4)
  An orc priest (D:3)
  An iguana (D:4)
  4 gnolls (D:7)
  2 adders
  A worm (D:2)
  2 dart slugs
  13 orcs
  6 endoplasms
  3 giant cockroaches (D:3)
  6 goblins
  12 hobgoblins
  6 kobolds
  3 quokkas (D:1)
  6 ball pythons
  4 bats
  4 frilled lizards
  6 rats
88 creatures vanquished.

Notes
Turn   | Place    | Note
-------+----------+-------------------------------------------
     0 | D:1      | qeuew the Gargoyle Earth Elementalist began the quest for
                  | the Orb.
     0 | D:1      | Reached XP level 1. HP: 10/10 MP: 3/3
   147 | D:1      | Reached XP level 2. HP: 15/15 MP: 0/5
   324 | D:1      | Reached skill level 1 in Armour
   337 | D:1      | Reached skill level 4 in Earth Magic
   495 | D:1      | Reached XP level 3. HP: 19/19 MP: 4/6
   530 | D:1      | Reached skill level 1 in Maces & Flails
   754 | D:1      | Found a faded altar of an unknown god.
   986 | D:1      | Gained mutation: You passively dampen the noise of your
                  | surroundings. [potion of mutation]
   986 | D:1      | Gained mutation: You expend magic power (3 MP) to
                  | strengthen your wands. [potion of mutation]
  1766 | D:2      | Learned a level 3 spell: Stone Arrow
  1838 | D:3      | Reached XP level 4. HP: 23/24 MP: 1/7
  1988 | D:3      | Noticed Sigmund
  1994 | D:3      | Killed Sigmund
  1995 | D:3      | Reached skill level 1 in Conjurations
  1995 | D:3      | Reached skill level 5 in Earth Magic
  1995 | D:3      | Reached XP level 5. HP: 26/28 MP: 3/9
  1995 | D:3      | Reached XP level 6. HP: 29/32 MP: 3/10
  2695 | D:4      | Found a runed translucent door.
  2696 | D:4      | Noticed Crazy Yiuf
  2919 | D:4      | You fall into a shaft and drop 3 floors!
  2947 | D:7      | Found Teelyudd's Magic Scroll Shop.
  3054 | D:6      | Reached XP level 7. HP: 36/36 MP: 9/11
  3224 | D:6      | Found a hazy altar of Hepliaklqana.
  3381 | D:6      | Reached skill level 6 in Earth Magic
  3425 | D:6      | Noticed Maggie
  3431 | D:5      | Entered Level 5 of the Dungeon
  3431 | D:5      | Noticed Duvessa
  3431 | D:5      | Noticed Dowan
  3435 | D:5      | Killed Dowan
  3445 | D:5      | Slain by Duvessa

Illustrated notes

Levels and vault maps discovered:
D:1:      grunt_arrival_crossed_arrows, layout_loops_ring,
          hellmonk_ecumenical_altar_inner_sanctum, kennysheep_pointless_box,
          minmay_shallow_snake_nest
D:2:      layout_basic
D:3:      layout_loops_ring, nicolae_overflow_hidden_temple, uniq_sigmund
D:4:      layout_basic, mainiacjoe_overflow_cross_hatched,
          grunt_qazlal_sundering, minmay_temple_entry_statues_pillars,
          corexii_hall_statues_deadend, uniq_blork_the_orc,
          uniq_crazy_yiuf_cottage, uniq_robin
D:5:      layout_gridville, nemelex_spade_bored_becter, uniq_duvessa
D:6:      layout_loops_ring, nicolae_hepliaklqana_hippocampus, uniq_maggie,
          uniq_edmund
D:7:      layout_gridville, old_standard_altar, serial_shops, shop_fountains,
          minmay_gold_behind_fungi

Skill      XL: |  1  2  3  4  5  6  7 |
---------------+----------------------+-----
Armour         | 1 2 |  2.8
Earth Magic    | 4 5 6 |  6.1
Maces & Flails | 1 2 3 |  3.6
Dodging        | 2 |  2.7
Stealth        | 3 |  3.9
Conjurations   | 1 2 |  2.5
Spellcasting   | 3 |  3.2
Transmutations | |  0.7

Action                     |  1- 3 |  4- 6 |  7- 9 || total
---------------------------+-------+-------+-------++-------
  Melee: Unarmed           |     9 |       |       ||     9
         Mace              |    11 |     7 |     6 ||    24
         Punch             |       |       |     1 ||     1
   Cast: Sandblast         |    56 |    55 |    18 ||   129
         Stone Arrow       |       |       |     2 ||     2
    Use: Scroll            |     9 |     2 |       ||    11
         Potion            |     2 |       |     2 ||     4
   Stab: Sleeping          |     1 |       |       ||     1
 Armour: Robe              |     6 |       |       ||     6
         Ring mail         |     8 |    12 |    14 ||    34
  Dodge: Dodged            |    23 |    18 |    23 ||    64

Table legend: (Time is in decaauts)
 A = Elapsed time spent in this place.
 B = Non-inter-level travel time spent in this place.
 C = Inter-level travel time spent in this place.
 D = Time resting spent in this place.
 E = Time spent auto-exploring this place.
 F = Levels seen in this place.
 G = Mean time per level.
                   A        B        C        D        E       F      G
               +--------+--------+--------+--------+--------+-----+--------+
         Total |   3514 |   3438 |     76 |      0 |   2927 |   7 |  502.0 |
       Dungeon |   3514 |   3438 |     76 |      0 |   2927 |   7 |  502.0 |
               +--------+--------+--------+--------+--------+-----+--------+

Top non-repeatable levels by time:
     D:1: 1018 daAuts
     D:3: 862 daAuts
     D:2: 798 daAuts
     D:6: 418 daAuts
     D:4: 295 daAuts
     D:7: 105 daAuts
     D:5: 16 daAuts
